 Dungeon Crawl Stone Soup version 0.29.1-15-g9cfb28693d (webtiles) character file.

Game seed: 8738426003732092314

15740 Gumption the Severer (level 12, -8/113 HPs)
             Began as a Minotaur Berserker on Mar 22, 2023.
             Was a High Priest of Trog.
             Mangled by a large slime creature (9 damage)
             ... on level 12 of the Dungeon.
             The game lasted 01:13:10 (14179 turns).

Gumption the Severer (Minotaur Berserker)          Turns: 14179, Time: 01:13:10

Health: -8/113     AC: 17    Str: 25    XL:     12   Next: 3%
Magic:  11/11      EV:  9    Int:  6    God:    Trog [*****.]
Gold:   943        SH:  0    Dex: 10    Spells: 11/11 levels left

rFire   + . .      SeeInvis +   a - +2 hand axe (venom)
rCold   + + .      Faith    .   (no shield)
rNeg    . . .      Spirit   .   J - +3 chain mail {rC+}
rPois   +          Reflect  .   n - +1 hat
rElec   .          Harm     .   o - scarf {rC+ rF+}
rCorr   .          Rampage  .   x - +0 pair of gloves
Will    .....                   (no boots)
Stlth   ..........              (no amulet)
HPRegen 0.28/turn               p - ring of see invisible
MPRegen 0.12/turn               s - ring of poison resistance

@: no status effects
A: horns 2, retaliatory headbutt
a: Renounce Religion, Berserk, Trog's Hand, Brothers in Arms


You were on level 12 of the Dungeon.
You worshipped Trog.
Trog was extremely pleased with you.
You visited 1 branch of the dungeon, and saw 12 of its levels.

You collected 943 gold pieces.

Inventory:

Hand Weapons
 a - a +2 hand axe of venom (weapon)
 w - a +5 dagger of venom
 C - a +2 vampiric short sword
Missiles
 v - 10 boomerangs (quivered)
 z - 6 silver boomerangs
 L - 2 throwing nets
Armour
 n - a +1 hat (worn)
 o - a scarf of resistance (worn)
 x - a +0 pair of gloves (worn)
 J - a +3 chain mail of cold resistance (worn)
Jewellery
 p - a ring of see invisible (left hand)
 s - a ring of poison resistance (right hand)
Wands
 f - a wand of digging (2)
 h - a wand of flame (4)
 q - a wand of acid (16)
 y - a wand of mindburst (27)
 B - a wand of roots (12)
 H - a wand of charming (4)
Scrolls
 b - 7 scrolls of teleportation
 d - 2 scrolls of enchant armour
 g - 4 scrolls of blinking
 j - 4 scrolls of noise {unknown}
 l - a scroll of poison {unknown}
 r - a scroll of identify
 A - a scroll of fog {unknown}
 F - a scroll of brand weapon {unknown}
 I - a scroll of torment {unknown}
 K - a scroll of summoning {unknown}
 M - a scroll of immolation {unknown}
 O - a scroll of fear
Potions
 c - 2 potions of flight
 e - 2 potions of attraction
 i - a potion of invisibility
 k - 2 potions of cancellation
 m - 6 potions of mutation
 t - 5 potions of curing
 u - 5 potions of heal wounds
 D - a potion of magic
 E - 2 potions of lignification
 G - 2 potions of haste
 N - a potion of resistance {unknown}
 P - a potion of berserk rage {unknown}


   Skills:
 + Level 12.3 Fighting
 * Level 16.7 Axes
 + Level 12.0 Armour
 - Level 2.1 Dodging


You had 11 spell levels left.
You didn't know any spells.
Your spell library was empty.

Dungeon Overview and Level Annotations

Branches:
Dungeon (12/15)            Temple (0/1) D:4            Lair (0/5) D:10
    Orc: D:9-12

Altars:
Cheibriados
Kikubaaqudgha
Trog
Vehumet
Xom

Annotations:
D:5 1 runed translucent door, Henri's ghost, novice OpVM


Innate Abilities, Weirdness & Mutations

You have a pair of horns on your head.
You reflexively headbutt those who attack you in melee.


Message History

* * * LOW HITPOINT WARNING * * *
You slash the slime creature!
The slime creature is almost dead.
You barely miss the slime creature. You headbutt the slime creature!
You kill the slime creature!
Trog accepts your kill.
You slash the orc!
You kill the orc!
Trog accepts your kill.
You slash the slime creature!
You headbutt the slime creature, but do no damage.
The slime creature is moderately wounded.
You slash the slime creature!
The slime creature is poisoned.
The slime creature is heavily wounded.
The slime creature hits you.
* * * LOW HITPOINT WARNING * * *
You slash the slime creature!
The slime creature is severely wounded.
You slash the slime creature!
The slime creature is severely wounded.
The slime creature hits you but does no damage.
Two slime creatures merge to form a large slime creature.
You slash the large slime creature!
The large slime creature is heavily wounded.
You slash the large slime creature! You headbutt the large slime creature!
The large slime creature is severely wounded.
You hit the large slime creature but do no damage.
You headbutt the large slime creature!
The large slime creature is severely wounded.
The large slime creature hits you!!
* * * LOW HITPOINT WARNING * * *
You barely miss the large slime creature.
The large slime creature is severely wounded.
You slash the large slime creature! You headbutt the large slime creature.
The large slime creature is severely wounded.
The large slime creature hits you but does no damage.
You hit the large slime creature. You punch the large slime creature.
The large slime creature is almost dead.
The large slime creature hits you!
You die...

### ##### #.. ...#
##.#####.### ###
#..##......# ....
#.....##.#.# .....
##)#####.#.#####
......##.#####.#.....#
.....oJ@.).....#####.#
...#..########## #.#
#. #.......######.# ..
#.......#......#
#######.......#.####.#
#....##.......#.####.#
#....##.......#.#....#
#.##.##.......#.#.##.#
#.............#[#.##.#


You could see a large slime creature (very poisoned) and an orc.

Vanquished Creatures
  Azrael (D:12)
  Erica (D:9)
  2 hydras (D:11)
  A two-headed ogre (D:6)
  Urug (D:12)
  Amaemon (D:8)
  An ugly thing (D:6)
  An orange demon (D:8)
  An unseen horror (D:10)
  Maggie (D:7)
  3 trolls
  A slime creature (D:12)
  A hornet (D:9)
  Sigmund (D:3)
  3 wraiths
  A centaur simulacrum (D:10)
  9 yaks
  Grum (D:8)
  2 fire elementals (D:12)
  3 hell hounds (D:12)
  An acid dragon (D:12)
  4 black bears
  4 water moccasins
  An ice beast (D:10)
  4 orc warriors
  2 ogres (D:4)
  A sky beast (D:6)
  3 wolves
  2 phantoms
  8 centaurs
  2 bullfrogs
  3 gnoll sergeants
  2 necrophages
  8 scorpions
  5 wights
  26 killer bees
  2 electric eels (D:10)
  6 howler monkeys
  6 hounds
  8 orc priests
  2 gnoll boudas
  5 jellies
  Ijyb (D:3)
  5 iguanas
  4 orc wizards
  5 adders
  30 gnolls
  A river rat (D:5)
  A shadow imp (D:5)
  3 white imps
  An ufetubus (D:10)
  2 worms
  A dart slug (D:1)
  33 orcs
  4 ball pythons
  4 bats
  4 endoplasms
  4 giant cockroaches
  7 goblins
  7 hobgoblins
  10 jackals (D:1)
  4 quokkas
  2 frilled lizards (D:3)
  3 kobolds (D:1)
  4 rats
281 creatures vanquished.

Vanquished Creatures (others)
  4 plants (D:10)
  2 withered plants (D:5)
6 creatures vanquished.

Grand Total: 287 creatures vanquished

Notes
Turn   | Place    | Note
-------+----------+-------------------------------------------
     0 | D:1      | Gumption the Minotaur Berserker began the quest for the
                  | Orb.
     0 | D:1      | Reached XP level 1. HP: 19/19 MP: 0/0
   184 | D:1      | Reached skill level 4 in Axes
   185 | D:1      | Reached XP level 2. HP: 24/27 MP: 1/1
   274 | D:1      | Found a faded altar of an unknown god.
   433 | D:1      | Reached ** piety under Trog
   462 | D:1      | Reached XP level 3. HP: 30/33 MP: 2/2
  1841 | D:3      | Noticed Sigmund
  1848 | D:3      | Killed Sigmund
  1849 | D:3      | Reached skill level 5 in Fighting
  1849 | D:3      | Reached skill level 6 in Axes
  1849 | D:3      | Reached XP level 4. HP: 42/42 MP: 3/3
  1849 | D:3      | Reached XP level 5. HP: 48/48 MP: 4/4
  2103 | D:3      | Noticed Ijyb
  2122 | D:3      | Killed Ijyb
  2126 | D:3      | You fall into a shaft and drop 1 floor!
  2136 | D:4      | Reached XP level 6. HP: 45/56 MP: 5/5
  2201 | D:4      | Found a staircase to the Ecumenical Temple.
  2563 | D:3      | Reached skill level 7 in Axes
  2881 | D:4      | Reached XP level 7. HP: 62/62 MP: 6/6
  2928 | D:4      | Reached skill level 5 in Armour
  3414 | D:4      | Reached skill level 8 in Axes
  4203 | D:5      | Entered Level 5 of the Dungeon
  4734 | D:5      | Found a runed translucent door.
  4734 | D:5      | Noticed Henri's ghost (novice OpVM)
  4749 | D:5      | Reached XP level 8. HP: 65/71 MP: 7/7
  4765 | D:5      | Reached skill level 9 in Axes
  4786 | D:5      | Reached *** piety under Trog
  5068 | D:5      | Reached skill level 10 in Axes
  5625 | D:6      | Found a bloodstained altar of Trog.
  5647 | D:6      | Reached XP level 9. HP: 78/81 MP: 8/8
  5746 | D:6      | Noticed a green ugly thing
  5758 | D:6      | Killed a green ugly thing
  5759 | D:6      | Reached skill level 11 in Axes
  6277 | D:6      | Noticed a two-headed ogre
  6362 | D:6      | Killed a two-headed ogre
  6363 | D:6      | Reached skill level 12 in Axes
  6819 | D:7      | Reached XP level 10. HP: 89/91 MP: 9/9
  7200 | D:7      | Reached **** piety under Trog
  7532 | D:7      | Noticed Maggie
  7544 | D:7      | Killed Maggie
  7958 | D:7      | Found an ancient bone altar of Kikubaaqudgha.
  7966 | D:7      | Found a shimmering altar of Xom.
  8032 | D:8      | Noticed Grum
  8036 | D:8      | Reached skill level 13 in Axes
  8044 | D:8      | Killed Grum
  8592 | D:8      | Noticed an orange demon
  8593 | D:8      | Noticed Amaemon
  8752 | D:8      | Reached skill level 10 in Fighting
  8967 | D:8      | Killed an orange demon
  9043 | D:8      | Killed Amaemon
  9044 | D:8      | Reached skill level 10 in Armour
  9163 | D:8      | Reached skill level 14 in Axes
 10075 | D:9      | Noticed Erica
 10084 | D:9      | Killed Erica
 10085 | D:9      | Reached XP level 11. HP: 101/101 MP: 10/10
 10286 | D:10     | Entered Level 10 of the Dungeon
 10799 | D:10     | Reached skill level 15 in Axes
 11257 | D:10     | Found a staircase to the Lair.
 11356 | D:10     | Found a radiant altar of Vehumet.
 11368 | D:10     | Found a snail-covered altar of Cheibriados.
 12107 | D:11     | Noticed an eight-headed hydra
 12122 | D:11     | Killed an eight-headed hydra
 12539 | D:11     | Reached skill level 16 in Axes
 12774 | D:11     | Noticed a four-headed hydra
 12785 | D:11     | Killed a four-headed hydra
 13236 | D:12     | Noticed Urug
 13245 | D:12     | Killed Urug
 13454 | D:12     | Noticed Azrael
 13473 | D:12     | Killed Azrael
 14137 | D:12     | Reached XP level 12. HP: 87/112 MP: 11/11
 14159 | D:12     | Reached ***** piety under Trog
 14176 | D:12     | HP: 1/113 [large slime creature (20)]
 14179 | D:12     | Mangled by a large slime creature

Illustrated notes

Levels and vault maps discovered:
D:1:      tarquinn_simple_flora_water_b, layout_rooms,
          hellmonk_ecumenical_altar_crossroads
D:2:      layout_basic, minmay_tromino_i2
D:3:      layout_basic, uniq_ijyb, uniq_sigmund
D:4:      layout_gridville, minmay_temple_entry_large_hall,
          nicolae_underground_beach
D:5:      minmay_bubble_buster, layout_loops_cross, gammafunk_ghost_grave,
          portal_sewer_entry_e, kennysheep_generic_room_9
D:6:      layout_basic, trog_ov_bears_minmay, interstate_on_off,
          hangedman_abyss_or_decor_lesser_grid, nicolae_titane
D:7:      layout_loops_ring, amethyst_overflow_temple_binary,
          minmay_misc_feat_x, uniq_maggie
D:8:      nicolae_cairo_tiling_very_big, layout_rooms, uniq_amaemon, uniq_grum
D:9:      layout_basic, uniq_erica
D:10:     layout_big_octagon, mainiacjoe_overflow_big_doors, dpeg_oklobed_lair,
          serial_ice, serial_ice_g, serial_ice_n, serial_ice_j, serial_ice_d
D:11:     layout_long_grid
D:12:     layout_loops_cross, erik_orc_1, uniq_psyche, uniq_azrael, uniq_urug

Skill      XL: |  1  2  3  4  5  6  7  8  9 10 11 |
---------------+----------------------------------+-----
Axes           | 4 6 7 8 10 12 14 16 | 16.7
Fighting       | 4 5 6 7 9 10 12 | 12.3
Armour         | 3 4 6 7 9 10 12 | 12.0
Dodging        | |  2.1

Action                   |  1- 3 |  4- 6 |  7- 9 | 10-12 || total
-------------------------+-------+-------+-------+-------++-------
Melee: Hand axe          |    84 |    56 |   305 |   512 ||   957
       Headbutt          |     7 |     9 |    63 |   119 ||   198
       Punch             |       |       |     4 |     9 ||    13
       Dagger            |       |       |       |    16 ||    16
Throw: Boomerang         |       |       |     7 |     2 ||     9
Invok: Berserk           |     1 |     1 |     4 |     8 ||    14
       Trog's Hand       |     1 |     1 |       |     2 ||     4
  Use: Scroll            |     5 |     2 |     5 |     6 ||    18
Armor: Leather armour    |    28 |     8 |       |       ||    36
       Animal skin       |     1 |       |       |       ||     1
       Scale mail        |       |     7 |       |       ||     7
       Chain mail        |       |     2 |   154 |   308 ||   464
Dodge: Dodged            |    65 |    15 |   118 |   237 ||   435
